 Dungeon Crawl Stone Soup version 0.31.0-11-ge490571c62 (webtiles) character file.

Game seed: 5200771407545009190

2249 Bobbunny the Fighter (level 9, 0/127 HPs)
             Began as a Formicid Delver on Feb 3, 2024.
             Was a Believer of Okawaru.
             Succumbed to a water moccasin's poison
             ... on level 7 of the Dungeon.
             The game lasted 00:07:59 (6635 turns).

Bobbunny the Fighter (Formicid Delver)              Turns: 6635, Time: 00:07:59

Health: 0/127      AC: 24    Str: 20    XL:     9   Next: 63%
Magic:  9/9        EV:  2    Int: 11    God:    Okawaru [**....]
Gold:   268        SH:  0    Dex: 15    Spells: 8/8 levels left

rFire   . . .        d - +4 mace
rCold   . . .        (no shield)
rNeg    . . .        z - melded +3 chain mail
rPois   +            (helmet unavailable)
rElec   .            r - melded +0 cloak
rCorr   .            C - melded +0 pair of gloves
SInv    +            q - melded +0 pair of boots
Will    .....        x - amulet of regeneration
Stlth   +++          (no ring)
HPRegen 1.21/turn    (no ring)
MPRegen 0.11/turn

%: no passive effects
@: lethally poisoned (0 -> -3), tree-form
A: stationary, stasis, torment immunity, boosted hp, permanent stasis, dig
shafts and tunnels, (antennae 3), four strong arms, (large bone plates 1), see
invisible, (poison resistance), robust 1
a: Renounce Religion, Heroism


You were on level 7 of the Dungeon.
You worshipped Okawaru.
Okawaru was pleased with you.
You were a tree.
You visited 2 branches of the dungeon, and saw 8 of its levels.

You collected 281 gold pieces.
You spent 13 gold pieces at shops.

Inventory:

Hand Weapons
 d - a +4 mace (weapon)
 s - a +0 war axe
Missiles
 f - a poisoned dart
 k - 2 javelins
 o - 3 boomerangs (quivered)
 t - 4 datura-tipped darts
Armour
 q - a +0 pair of boots (melded)
 r - a +0 cloak (melded)
 z - a +3 chain mail (melded)
 C - a +0 pair of gloves (melded)
Jewellery
 x - an amulet of regeneration (around neck)
Wands
 e - a wand of quicksilver (2)
 g - a wand of digging (3)
 w - a wand of roots (9)
 B - a wand of polymorph (5)
Scrolls
 c - a scroll of fog
 h - 2 scrolls of revelation
 m - a scroll of immolation
 u - 3 scrolls of identify
 y - a scroll of amnesia {unknown}
 D - a scroll of torment {unknown}
Potions
 a - a potion of lignification
 i - 2 potions of attraction
 j - 2 potions of brilliance
 l - 3 potions of cancellation
 n - a potion of magic
 p - a potion of ambrosia


   Skills:
 + Level 10.0 Fighting
 + Level 8.9 Axes
 - Level 1.7 Dodging
 - Level 6.0 Stealth


You had 8 spell levels left.
You didn't know any spells.
Your spell library contained the following spells:

 Spells                   Type           Power      Damage    Failure   Level
 Magic Dart               Conj           0%         1d3       34%         1
 Necrotise                Necr           0%         1d4       34%         1
 Searing Ray              Conj           0%         2d4       47%         2
 Sublimation of Blood     Necr           0%         N/A       47%         2
 Vampiric Draining        Necr           0%         2d6       71%         3
 Anguish                  Hex/Necr       0%         N/A       98%         4
 Cause Fear               Hex            0%         N/A       98%         4
 Fulminant Prism          Conj/Alch      0%         3d5       98%         4
 Curse of Agony           Necr           0%         N/A       100%        5
 Fireball                 Conj/Fire      0%         3d3       100%        5
 Enfeeble                 Hex            0%         N/A       100%        7
 Call Imp                 Summ           Unusable   N/A       N/A         2
 Martyr's Knell           Necr/Summ      Unusable   N/A       N/A         4
 Summon Hydra             Summ           Unusable   N/A       N/A         7
 Dragon's Call            Summ           Unusable   N/A       N/A         9

Dungeon Overview and Level Annotations

Branches:
Dungeon (7/15)             Temple (1/1) D:4

Altars:
Ashenzari
Cheibriados
Dithmenos
Gozag
Hepliaklqana
Kikubaaqudgha
Makhleb
Okawaru
Qazlal
Ru
Trog
Vehumet
Wu Jian
Xom
The Shining One

Shops:
D:1 *   D:4 (   D:5 (


Innate Abilities, Weirdness & Mutations

You are a tree.
Your roots penetrate the ground, keeping you stationary.
You cannot be teleported.
You are immune to unholy pain and torment.
Your maximum health is greatly increased.
Your equipment is partially melded.
You cannot be hasted, slowed, berserked, paralysed or teleported.
You can dig through walls and to a lower floor.
((You have a pair of large antennae on your head. (SInv)))
Your four strong arms can wield two-handed weapons with a shield.
((You are partially covered in large bone plates. (SH +4)))
You have supernaturally acute eyesight. (SInv)
((Your system is resistant to poisons. (rPois)))
You are robust. (+10% HP)


Message History

The howler monkey hoots and howls with incredible vigour!
The water moccasin barely misses you. The vampire hits you.
* * * LOW HITPOINT WARNING * * *
The vampire bites you but does no damage.
Hit: d) +4 mace
Press: ? - help, Dir - move target, f/p - vampire
Aim: a vampire (moderately damaged, slightly transparent, about 29% to evade your +4 mace)
You hit the vampire but do no damage.
The vampire is moderately damaged.
The water moccasin bites you but does no damage.
The vampire hits you but does no damage.
The vampire bites you but does no damage.
Hit: d) +4 mace
Press: ? - help, Dir - move target, f/p - vampire
Aim: a vampire (moderately damaged, slightly transparent, about 29% to evade your +4 mace)
You hit the vampire.
The vampire is heavily damaged.
The water moccasin bites you but does no damage.
The vampire completely misses you.
The vampire bites you but does no damage.
The water moccasin bites you but does no damage.
The howler monkey hoots and howls with incredible vigour!
You hear a shout!
Hit: d) +4 mace
Press: ? - help, Dir - move target, f/p - vampire
Aim: a vampire (heavily damaged, slightly transparent, about 29% to evade your +4 mace)
You closely miss the vampire.
The vampire is heavily damaged.
The water moccasin bites you.
* * * LOW HITPOINT WARNING * * *
You are lethally poisoned!
The water moccasin poisons you!
The vampire hits you but does no damage.
The vampire bites you but does no damage.
Hit: d) +4 mace
Press: ? - help, Dir - move target, f/p - vampire
Aim: a vampire (heavily damaged, slightly transparent, about 29% to evade your +4 mace)
You closely miss the vampire.
The vampire is heavily damaged.
You die...

................#.####...
................#........
.........................
#.......####....######...
........# #....######...
.#......# ####......+...
........## ########...
...#...S.# ....
##.#...#♣##### .### .
###.#.Vh..# ### ..###F..#
... .#...h...# ###
#.#.......# { . ###.....#
.# ......# .......#
#.......#


You could see a vampire (invisible), a water moccasin, a bullfrog and a howler
monkey.

Vanquished Creatures
  Sigmund (D:6)
  A steam dragon (D:7)
  Menkaure (D:5)
  Duvessa (D:6)
  An ice beast (D:5)
  A sky beast (D:6)
  2 centaurs (D:7)
  2 ogres
  A phantom (D:5)
  3 scorpions
  A bullfrog (D:7)
  Dowan (D:6)
  A howler monkey (D:7)
  A bombardier beetle (D:4)
  3 jellies
  5 hounds
  4 orc priests
  3 iguanas
  3 orc wizards
  8 adders
  4 gnolls
  A white imp (D:6)
  4 ufetubi (D:6)
  2 ribbon worms
  5 dart slugs
  20 orcs
  7 ball pythons
  3 bats
  6 endoplasms
  3 giant cockroaches
  13 goblins
  8 hobgoblins
  6 quokkas
  3 frilled lizards
  8 kobolds
  6 rats
143 creatures vanquished.

Vanquished Creatures (others)
  A rat (D:3)
1 creature vanquished.

Grand Total: 144 creatures vanquished

Notes
Turn   | Place    | Note
-------+----------+-------------------------------------------
     0 | D:5      | Bobbunny the Formicid Delver began the quest for the Orb.
     0 | D:5      | Reached XP level 1. HP: 18/18 MP: 1/1
   146 | D:3      | Found a radiant altar of Vehumet.
   159 | D:1      | Reached XP level 2. HP: 9/24 MP: 2/2
   296 | D:1      | Found Zeotu's General Store.
   323 | D:1      | Bought a potion of degeneration for 13 gold pieces
   367 | D:1      | Reached XP level 3. HP: 30/30 MP: 3/3
   480 | D:1      | Reached skill level 4 in Fighting
   683 | D:2      | HP: 1/30 [hobgoblin (1)]
   684 | D:2      | Reached XP level 4. HP: 1/37 MP: 4/4
   874 | D:2      | Noticed an ogre
   882 | D:2      | Killed an ogre
   883 | D:2      | Reached skill level 5 in Fighting
   883 | D:2      | Reached XP level 5. HP: 25/44 MP: 5/5
  1415 | D:3      | HP: 2/44 [orc priest/+0 flail (8)]
  1417 | D:3      | Reached XP level 6. HP: 2/51 MP: 6/6
  1779 | D:3      | HP: 2/52 [orc/+0 hand axe (4)]
  2543 | D:4      | Found a staircase to the Ecumenical Temple.
  2556 | Temple   | Entered the Ecumenical Temple
  2576 | Temple   | Became a worshipper of Warmaster Okawaru
  2612 | D:4      | Reached skill level 6 in Fighting
  2676 | D:4      | Reached skill level 5 in Axes
  2712 | D:4      | Found Satwul Lobb's Weapon Boutique.
  2734 | D:4      | Reached XP level 7. HP: 58/58 MP: 7/7
  3643 | D:5      | Reached * piety under Okawaru
  3699 | D:5      | Reached skill level 7 in Fighting
  3789 | D:5      | Reached XP level 8. HP: 61/67 MP: 8/8
  4140 | D:5      | Found Raha's Weapon Shop.
  4315 | D:5      | Noticed Menkaure
  4320 | D:5      | Killed Menkaure
  4929 | D:6      | Reached skill level 8 in Fighting
  5389 | D:6      | Noticed Sigmund
  5665 | D:6      | Killed Sigmund
  5704 | D:6      | Reached XP level 9. HP: 75/75 MP: 9/9
  5944 | D:6      | Reached skill level 9 in Fighting
  6202 | D:6      | Noticed Duvessa
  6202 | D:6      | Noticed Dowan
  6216 | D:6      | Killed Duvessa
  6222 | D:6      | Killed Dowan
  6524 | D:7      | Reached ** piety under Okawaru
  6604 | D:7      | Reached skill level 10 in Fighting
  6629 | D:7      | Gained mutation: Your system is resistant to poisons.
                  | (rPois) [potion of mutation]
  6629 | D:7      | Gained mutation: You are robust. (+10% HP) [potion of
                  | mutation]
  6629 | D:7      | Gained mutation: You are partially covered in large bone
                  | plates. (SH +4) [potion of mutation]
  6629 | D:7      | Gained mutation: You have supernaturally acute eyesight.
                  | (SInv) [potion of mutation]
  6630 | D:7      | HP: 4/127 [vampire (5)]
  6631 | D:7      | HP: 1/127 [vampire (4)]
  6635 | D:7      | Succumbed to a water moccasin's poison

Illustrated notes

Levels and vault maps discovered:
D:1:      minmay_arrival_up_and_down, layout_rooms, serial_shops, shop
D:2:      layout_rooms
D:3:      layout_basic, fiery_altar_vehumet
D:4:      corexii_shack_village, layout_loops_cross, minmay_temple_entry_tees,
          serial_shops, shop
D:5:      layout_layer_cave, serial_shops, nicolae_shop_hallway_plus,
          uniq_menkaure
D:6:      layout_loops_ring, fountainhead, uniq_duvessa, uniq_sigmund
D:7:      layout_basic, hangedman_decor_points
Temple:   compressed_dpeg_circular_temple

Skill      XL: |  1  2  3  4  5  6  7  8  9 |
---------------+----------------------------+-----
Fighting       | 4 5 6 7 8 10 | 10.0
Axes           | 3 4 5 6 7 8 |  8.9
Dodging        | |  1.7
Stealth        | |  6.0

Action                     |  1- 3 |  4- 6 |  7- 9 || total
---------------------------+-------+-------+-------++-------
  Melee: Mace              |    55 |    88 |   266 ||   409
         Hand axe          |     3 |       |       ||     3
         War axe           |       |    39 |       ||    39
         Punch             |       |       |     3 ||     3
  Throw: Dart              |       |     4 |     2 ||     6
         Javelin           |       |     2 |       ||     2
         Boomerang         |       |       |    10 ||    10
 Invoke: Heroism           |       |       |     1 ||     1
    Use: Scroll            |     2 |     2 |     9 ||    13
         Potion            |       |     2 |     4 ||     6
   Stab: Sleeping          |     6 |     4 |       ||    10
         Distracted        |       |     1 |       ||     1
 Armour: Leather armour    |    42 |    78 |       ||   120
         Chain mail        |       |    64 |   279 ||   343
         Skin              |       |       |    30 ||    30
  Dodge: Dodged            |    41 |    86 |   134 ||   261
